 Dungeon Crawl Stone Soup version 0.29.0-4-gdea44cf6ec (webtiles) character file.

Game seed: 14366430419299368250

340 qw the Chopper (level 6, -4/35 HPs)
             Began as a Tengu Warper on Aug 28, 2022.
             Slain by a gnoll
             ... wielding a +0 spear
             ... led by a gnoll sergeant
              (6 damage)
             ... on level 5 of the Dungeon.
             The game lasted 00:00:27 (5229 turns).

qw the Chopper (Tengu Warper)                       Turns: 5229, Time: 00:00:28

Health: -4/35      AC: 12    Str: 13    XL:     6   Next: 56%
Magic:  10/10      EV:  5    Int: 13    God:
Gold:   267        SH:  0    Dex: 14    Spells: 9/9 levels left

rFire   . . .      SeeInvis .   Y - +2 hand axe
rCold   . . .      Faith    .   (no shield)
rNeg    . . .      Spirit   .   a - +0 plate armour
rPois   .          Reflect  .   (helmet restricted)
rElec   .          Harm     .   (no cloak)
rCorr   .          Rampage  .   g - +0 pair of gloves
Will    .....                   (boots unavailable)
Stlth   ..........              (no amulet)
HPRegen 0.11/turn               (no ring)
MPRegen 0.12/turn               (no ring)

@: flying quickly and evasively, quick
A: beak, talons 3, nimble flight
a: no special abilities


You were on level 5 of the Dungeon.
You visited 1 branch of the dungeon, and saw 5 of its levels.

You collected 267 gold pieces.


Innate Abilities, Weirdness & Mutations

You have a beak for a mouth.
You have claws for feet.
Your magical nature lets you fly swiftly and evasively.


   Skills:
 - Level 2.0 Fighting
 + Level 6.7 Axes
 - Level 1.0 Throwing
 - Level 3.1 Armour
 - Level 2.1 Dodging
 - Level 2.0 Spellcasting
 - Level 2.4 Translocations


You had 9 spell levels left.
You didn't know any spells.
Your spell library contained the following spells:

 Spells                   Type           Power      Damage    Failure   Level
 Blink                    Tloc           14%        N/A       100%        2
 Gell's Gravitas          Tloc           7%         N/A       100%        3
 Lesser Beckoning         Tloc           7%         N/A       100%        3
 Teleport Other           Tloc           7%         N/A       100%        3
 Manifold Assault         Tloc           7%         N/A       100%        5

Inventory:

Hand Weapons
 c - a +0 whip
 Y - a +2 hand axe (weapon)
Armour
 a - a +0 plate armour (worn)
 g - a +0 pair of gloves (worn)
Scrolls
 i - a scroll of identify
Potions
 h - 2 potions of haste

Dungeon Overview and Level Annotations

Branches:
Dungeon (5/15)
 Temple: D:4-7

Altars:

Shops:
D:1 !

Annotations:
D:3 1 runed translucent door, Crazy Yiuf
D:5 Sigmund


Message History

The gnoll sergeant hits you from afar with a +0 spear.
The grasping roots constrict you.
You hit the gnoll but do no damage. You claw the gnoll!
The gnoll is almost dead.
The gnoll hits you but does no damage. x2
The gnoll sergeant hits you but does no damage.
The grasping roots constrict you.
The grasping roots release their grip on you.
You hit the gnoll.
The gnoll is almost dead.
You hit the gnoll. The gnoll closely misses you.
The gnoll barely misses you. x2
The gnoll sergeant hits you but does no damage.
You hit the gnoll.
You kill the gnoll!
You closely miss the gnoll. You hit the gnoll but do no damage.
The gnoll hits you but does no damage.
The gnoll sergeant hits you from afar with a +0 spear!
Sigmund points at you and mumbles some strange words.
You resist with some effort.
You hit the gnoll. You claw the gnoll.
You kill the gnoll!
You hit the gnoll. You closely miss the gnoll.
The gnoll is lightly wounded.
The gnoll hits you but does no damage.
The gnoll sergeant hits you but does no damage.
You hit the gnoll. You claw the gnoll.
The gnoll is severely wounded.
You hit the gnoll but do no damage. Sigmund barely misses you.
The gnoll hits you but does no damage. The gnoll hits you with a +0 whip.
The gnoll hits you but does no damage.
The gnoll sergeant hits you but does no damage.
You closely miss the gnoll. You peck the gnoll.
The gnoll is almost dead.
You hit the gnoll. The gnoll hits you with a +0 flail.
The gnoll hits you but does no damage.
The gnoll sergeant hits you from afar with a +0 spear.
The gnoll hits you from afar with a +0 spear.
You die...

#........ #.....#.#
#.......###.###.#.#
#..................
#.......###.###.#.# #
#............# #....
#.##......#######.####.
.....g.g.'........ ...
##@..g..#######.# #..
#.g@##......... #..
#...##......... #..
#...#.......... #..
#...#.......... #..
#...#.########. #.#
#...#.####### #.#
#...........# #.#
#...........# #.#
#...........## #.#


You could see Sigmund, a gnoll sergeant and 3 gnolls.

Vanquished Creatures
  A jelly (D:4)
  A hound (D:4)
  An iguana (D:5)
  2 orc wizards (D:5)
  2 gnolls (D:5)
  9 adders
  3 worms
  2 dart slugs (D:2)
  7 orcs
  13 endoplasms
  3 giant cockroaches
  5 goblins
  11 hobgoblins
  4 kobolds
  3 quokkas
  6 ball pythons
  4 bats
  4 frilled lizards
  4 rats
85 creatures vanquished.

Vanquished Creatures (others)
  A plant (D:4)
1 creature vanquished.

Grand Total: 86 creatures vanquished

Notes
Turn   | Place    | Note
-------+----------+-------------------------------------------
     0 | D:1      | qw the Tengu Warper began the quest for the Orb.
     0 | D:1      | Reached XP level 1. HP: 12/12 MP: 4/4
     0 | D:1      | 0 ||| qw: Version: 0.1-a-89-g26bdef1
     0 | D:1      | 0 ||| qw: Game counter: 111
     0 | D:1      | 0 ||| qw: Always use a shield: true
     0 | D:1      | 0 ||| qw: God list: Okawaru
     0 | D:1      | 0 ||| qw: Allow faded altars: false
     0 | D:1      | 0 ||| qw: Do Orc after D:15 true
     0 | D:1      | 0 ||| qw: Do second Lair branch before Depths: true
     0 | D:1      | 0 ||| qw: Lair rune preference: random
     0 | D:1      | 0 ||| qw: Plans: Normal
     0 | D:1      | 0 ||| PLANNING D:1-11
    20 | D:1      | 20 ||| Stepping ~*~*~tactically~*~*~ (stealth).
    22 | D:1      | 22 ||| Stepping ~*~*~tactically~*~*~ (stealth).
   133 | D:1      | Reached XP level 2. HP: 17/17 MP: 6/6
   135 | D:1      | Reached skill level 3 in Axes
   137 | D:1      | Found a faded altar of an unknown god.
   161 | D:1      | Found Savah's Distillery.
   174 | D:1      | 174 ||| SHOPLISTING potion of curing (33 gold, have 0).
   174 | D:1      | 174 ||| SHOPLISTING potion of heal wounds (55 gold, have
                  | 0).
   834 | D:1      | 834 ||| READING scroll labelled GYREM ILODO.
   835 | D:1      | 835 ||| READING 2 scrolls labelled ROBBAI QAARIONNUAD.
   836 | D:1      | 836 ||| READING scroll of enchant weapon.
   836 | D:1      | 836 ||| ENCHANTING +1 hand axe.
   837 | D:1      | 837 ||| READING scroll labelled ZITOUNW BYLIE.
   838 | D:1      | 838 ||| READING 4 scrolls labelled YBUMUR VATICW.
   839 | D:1      | 839 ||| READING scroll labelled HEDAFEDDAJ.
   840 | D:1      | 840 ||| READING 3 scrolls of identify.
   840 | D:1      | 840 ||| IDENTIFYING bubbling ruby potion
   841 | D:1      | 841 ||| READING 2 scrolls of identify.
   841 | D:1      | 841 ||| IDENTIFYING fizzy golden potion
   842 | D:1      | 842 ||| DROPPING scroll of blinking.
   857 | D:2      | 857 ||| STAIRDANCE
   864 | D:2      | 864 ||| STAIRDANCE
   946 | D:2      | 946 ||| STAIRDANCE
  1013 | D:2      | Reached XP level 3. HP: 18/21 MP: 7/7
  1187 | D:2      | 1187 ||| Stepping ~*~*~tactically~*~*~ (hiding).
  1283 | D:2      | Reached skill level 4 in Axes
  1329 | D:2      | 1329 ||| Stepping ~*~*~tactically~*~*~ (stealth).
  1330 | D:2      | 1330 ||| Stepping ~*~*~tactically~*~*~ (stealth).
  1332 | D:2      | 1332 ||| Stepping ~*~*~tactically~*~*~ (stealth).
  1339 | D:2      | 1339 ||| Stepping ~*~*~tactically~*~*~ (stealth).
  1343 | D:2      | 1343 ||| Stepping ~*~*~tactically~*~*~ (stealth).
  1440 | D:2      | 1440 ||| Stepping ~*~*~tactically~*~*~ (stealth).
  1441 | D:2      | 1441 ||| Stepping ~*~*~tactically~*~*~ (stealth).
  1448 | D:2      | 1448 ||| Stepping ~*~*~tactically~*~*~ (stealth).
  1701 | D:2      | 1701 ||| Stepping ~*~*~tactically~*~*~ (stealth).
  1704 | D:2      | 1704 ||| Stepping ~*~*~tactically~*~*~ (stealth).
  1707 | D:2      | 1707 ||| Stepping ~*~*~tactically~*~*~ (stealth).
  1711 | D:2      | 1711 ||| Stepping ~*~*~tactically~*~*~ (stealth).
  1712 | D:2      | 1712 ||| Stepping ~*~*~tactically~*~*~ (stealth).
  1718 | D:2      | 1718 ||| Stepping ~*~*~tactically~*~*~ (stealth).
  1720 | D:2      | 1720 ||| Stepping ~*~*~tactically~*~*~ (stealth).
  1725 | D:2      | 1725 ||| Stepping ~*~*~tactically~*~*~ (stealth).
  1751 | D:2      | HP: 2/21 [adder (4)]
  1752 | D:2      | 1752 ||| DRINKING potion of heal wounds.
  1754 | D:2      | Reached XP level 4. HP: 23/26 MP: 8/8
  1849 | D:2      | 1849 ||| Stepping ~*~*~tactically~*~*~ (stealth).
  2389 | D:2      | 2389 ||| UPGRADING to +0 plate armour.
  2399 | D:2      | 2399 ||| DROPPING +0 leather armour.
  2400 | D:2      | 2400 ||| READING scroll labelled ZUGREO OXTE.
  2401 | D:2      | 2401 ||| READING scroll labelled EDDUUP IS ISCHE.
  2435 | D:3      | 2435 ||| Stepping ~*~*~tactically~*~*~ (stealth).
  2436 | D:3      | 2436 ||| Stepping ~*~*~tactically~*~*~ (stealth).
  2437 | D:3      | 2437 ||| Stepping ~*~*~tactically~*~*~ (stealth).
  2545 | D:3      | 2545 ||| DROPPING +0 club.
  2603 | D:3      | Found a runed translucent door.
  2604 | D:3      | Noticed Crazy Yiuf
  2757 | D:3      | 2757 ||| Stepping ~*~*~tactically~*~*~ (stealth).
  2762 | D:3      | 2762 ||| Stepping ~*~*~tactically~*~*~ (stealth).
  2774 | D:3      | 2774 ||| Stepping ~*~*~tactically~*~*~ (stealth).
  2882 | D:3      | Reached skill level 5 in Axes
  3137 | D:3      | Gained mutation: Your magical nature lets you fly swiftly
                  | and evasively. [Tengu growth]
  3137 | D:3      | Reached XP level 5. HP: 30/30 MP: 9/9
  3481 | D:3      | 3481 ||| READING scroll labelled GIMIRE FAMIOHU.
  3509 | D:3      | 3509 ||| READING 3 scrolls of identify.
  3509 | D:3      | 3509 ||| IDENTIFYING cyan potion
  3510 | D:3      | 3510 ||| READING 2 scrolls of identify.
  3510 | D:3      | 3510 ||| IDENTIFYING puce potion
  3511 | D:3      | 3511 ||| DROPPING potion of degeneration.
  3938 | D:4      | 3938 ||| Stepping ~*~*~tactically~*~*~ (hiding).
  4076 | D:4      | Reached skill level 6 in Axes
  4285 | D:4      | Reached XP level 6. HP: 35/35 MP: 10/10
  4346 | D:4      | 4346 ||| UPGRADING to +0 pair of gloves.
  4351 | D:4      | 4351 ||| READING scroll labelled DESIOW XAS.
  4496 | D:4      | 4496 ||| READING scroll labelled KUG UKHLI BOO.
  4501 | D:5      | Entered Level 5 of the Dungeon
  4515 | D:5      | 4515 ||| Stepping ~*~*~tactically~*~*~ (hiding).
  4527 | D:5      | 4527 ||| DRINKING potion of curing.
  4527 | D:5      | 4527 ||| (to cure confusion)
  4599 | D:5      | 4599 ||| FLEEEEING.
  4600 | D:5      | 4600 ||| FLEEEEING.
  4601 | D:5      | 4601 ||| FLEEEEING.
  4602 | D:5      | 4602 ||| FLEEEEING.
  4605 | D:5      | 4605 ||| Stepping ~*~*~tactically~*~*~ (stealth).
  4614 | D:5      | HP: 5/35 [orc wizard/magic dart (8)]
  4615 | D:5      | 4615 ||| DRINKING potion of heal wounds.
  4643 | D:5      | Reached skill level 3 in Armour
  4699 | D:5      | 4699 ||| Stepping ~*~*~tactically~*~*~ (stealth).
  4804 | D:5      | 4804 ||| FLEEEEING.
  4807 | D:5      | 4807 ||| STAIRDANCE
  4878 | D:5      | HP: 7/35 [iguana (10)]
  5214 | D:5      | 5214 ||| Stepping ~*~*~tactically~*~*~ (hiding).
  5215 | D:5      | 5215 ||| Stepping ~*~*~tactically~*~*~ (hiding).
  5222 | D:5      | Noticed Sigmund
  5225 | D:5      | HP: 4/35 [gnoll sergeant/+0 spear (10)]
  5229 | D:5      | Slain by a gnoll

Levels and vault maps discovered:
D:1:      shiori_shiawase, layout_basic, basic_ecumenical_altar, serial_rivers,
          chequers_serial_rivers_room_b, chequers_serial_rivers_micro_c,
          chequers_serial_rivers_small_a, chequers_serial_rivers_small_3,
          serial_shops, nicolae_shop_statue_plus
D:2:      layout_loops_cross, minmay_misc_feat_cross
D:3:      layout_basic, uniq_crazy_yiuf_cottage
D:4:      layout_basic, saegor_snake_ambush
D:5:      layout_basic, xom_confusion_cloud, temple_hall, uniq_sigmund

Skill      XL: |  1  2  3  4  5  6 |
---------------+-------------------+-----
Axes           | 3 4 5 6 |  6.7
Armour         | 2 3 |  3.1
Fighting       | |  2.0
Throwing       | |  1.0
Dodging        | |  2.1
Spellcasting   | |  2.0
Translocations | |  2.4

Action                   |  1- 3 |  4- 6 || total
-------------------------+-------+-------++-------
Melee: Hand axe          |    67 |   138 ||   205
       Peck              |     6 |    16 ||    22
       Kick              |    12 |    43 ||    55
       Punch             |       |     1 ||     1
Throw: Boomerang         |     7 |       ||     7
  Use: Scroll            |     8 |     7 ||    15
       Potion            |     1 |     2 ||     3
 Stab: Sleeping          |     1 |       ||     1
Armor: Leather armour    |     8 |     1 ||     9
       Plate armour      |       |    97 ||    97
Dodge: Dodged            |    38 |    16 ||    54

Table legend:
 A = Non-vault XP
 B = Vault XP
 C = Vault XP percentage of total XP
 D = Non-vault monster count
 E = Vault monster count
 F = Vault count percentage of total count
                 A         B        C        D         E       F
            +---------+---------+-------+---------+---------+-------
      Total |     455 |      31 |   6.4 |      81 |       4 |   4.7
            +---------+---------+-------+---------+---------+-------
        D:1 |      30 |       0 |   0.0 |      18 |       0 |   0.0
        D:2 |      83 |       0 |   0.0 |      24 |       0 |   0.0
        D:3 |      58 |       0 |   0.0 |      17 |       0 |   0.0
        D:4 |     118 |      31 |  20.8 |      11 |       4 |  26.7
        D:5 |     166 |       0 |   0.0 |      11 |       0 |   0.0
            +---------+---------+-------+---------+---------+-------
